 Dungeon Crawl Stone Soup version 0.31-a0-263-ge8cad7f256 (webtiles) character file.

Game seed: 17544553607966130546

308 qw the Shooter (level 6, -3/53 HPs)
             Began as a Minotaur Hexslinger on July 13, 2023.
             Succumbed to a scorpion's poison
             ... on level 4 of the Dungeon.
             The game lasted 00:01:01 (2409 turns).

qw the Shooter (Minotaur Hexslinger)                Turns: 2409, Time: 00:01:02

Health: -3/53      AC:  5    Str: 13    XL:     6   Next: 17%
Magic:  6/6        EV: 11    Int: 10    God:
Gold:   168        SH:  0    Dex: 14    Spells: 6/7 levels left

rFire   . . .        Y - +1 sling
rCold   . . .        (no shield)
rNeg    . . .        j - +0 ring mail
rPois   .            (helmet restricted)
rElec   .            (no cloak)
rCorr   .            (no gloves)
SInv    .            (no boots)
Will    .....        (no amulet)
Stlth   +            (no ring)
HPRegen 0.28/turn    (no ring)
MPRegen 0.10/turn

%: no passive effects
@: lethally poisoned (-3 -> -30), about to teleport
A: horns 2, retaliatory headbutt
a: no special abilities


You were on level 4 of the Dungeon.
You visited 1 branch of the dungeon, and saw 4 of its levels.

You collected 168 gold pieces.


Innate Abilities, Weirdness & Mutations

You have a pair of horns on your head.
You reflexively headbutt those who attack you in melee.


   Skills:
 - Level 4.5 Fighting
 + Level 5.7 Ranged Weapons
 - Level 1.3 Armour
 - Level 2.1 Dodging
 - Level 1.0 Spellcasting
 - Level 2.0 Hexes


You had 6 spell levels left.
You knew the following spells:

 Your Spells              Type           Power      Damage    Failure   Level
a - Slow                  Hex            16%        N/A       32%         1

Your spell library contained the following spells:

 Spells                   Type           Power      Damage    Failure   Level
 Inner Flame              Hex/Fire       2%         N/A       82%         3
 Portal Projectile        Hex/Tloc       4%         N/A       82%         3
 Cause Fear               Hex            2%         N/A       97%         4

Inventory:

Hand Weapons
 Y - a +1 sling (weapon)
Armour
 j - a +0 ring mail (worn)
Scrolls
 f - a scroll of teleportation
Potions
 b - a potion of curing {unknown}
 d - a potion of invisibility {unknown}
 e - a potion of lignification {unknown}
 g - a potion of heal wounds
 i - a potion of enlightenment {unknown}

Dungeon Overview and Level Annotations

Branches:
Dungeon (4/15)
 Temple: D:4-7

Altars:
Ashenzari
Kikubaaqudgha
Ru
Vehumet
The Shining One

Shops:
D:1 :


Message History

The scorpion is lightly wounded.
You feel very sick. The scorpion closely misses you. You furiously retaliate!
You headbutt the scorpion. You shoot a sling bullet.
The sling bullet barely misses the scorpion.
You feel very sick.
The scorpion stings you but does no damage.
The scorpion closely misses you.
You shoot a sling bullet.
The sling bullet closely misses the scorpion.
You feel sick. The scorpion stings you.
You shoot a sling bullet.
The sling bullet hits the scorpion but does no damage.
The scorpion is moderately wounded.
You feel sick. The scorpion closely misses you.
The scorpion stings you but does no damage.
The scorpion stings you.
You are more poisoned.
The scorpion poisons you!
You shoot a sling bullet.
The sling bullet completely misses the scorpion.
You feel very sick. The scorpion barely misses you. The scorpion stings you.
You are lethally poisoned!
The scorpion poisons you!
You shoot a sling bullet.
The sling bullet hits the scorpion but does no damage.
The scorpion is moderately wounded.
You feel very sick. The scorpion stings you.
You are more poisoned.
The scorpion poisons you! The scorpion closely misses you.
You furiously retaliate!
You headbutt the scorpion.
The scorpion stings you but does no damage.
The scorpion stings you.
2409 ||| READING 2 scrolls of teleportation.
As you read the scroll of teleportation, it crumbles to dust.
You feel strangely unstable.
You die...

#.........# ######
#.........# #.....
#....)....# #.....
#.........#########.....
#.........))............
#.........#########.....
#.........#### #.....
#............# #####.
#......@.....# #.
#######ss#../# ##
##.#...# #### #>#.....
#..< #.....#. ......##
#.. .# ..... #. .### ..


You could see 2 scorpions.

Vanquished Creatures
  A water moccasin (D:3)
  A howler monkey (D:3)
  Natasha (D:3)
  3 adders
  3 gnolls (D:4)
  A worm (D:2)
  4 dart slugs
  5 orcs
  6 endoplasms
  3 giant cockroaches
  5 goblins
  8 hobgoblins
  6 jackals
  2 quokkas (D:3)
  3 ball pythons
  5 bats
  A frilled lizard (D:2)
  4 kobolds
  6 rats
  A spectral goblin (D:2)
69 creatures vanquished.

Notes
Turn   | Place    | Note
-------+----------+-------------------------------------------
     0 | D:1      | qw the Minotaur Hexslinger began the quest for the Orb.
     0 | D:1      | Reached XP level 1. HP: 16/16 MP: 1/1
     0 | D:1      | 0 ||| qw: Version: 0.3-a-52-g30416fa
     0 | D:1      | 0 ||| qw: Game counter: 7291
     0 | D:1      | 0 ||| qw: Melee chars always use a shield: true
     0 | D:1      | 0 ||| qw: God list: Okawaru
     0 | D:1      | 0 ||| qw: Allow faded altars: false
     0 | D:1      | 0 ||| qw: Do Orc after clearing Dungeon:15 true
     0 | D:1      | 0 ||| qw: Do second Lair branch before Depths: true
     0 | D:1      | 0 ||| qw: Lair rune preference: random
     0 | D:1      | 0 ||| qw: Goals: Normal
     0 | D:1      | 0 ||| PLANNING D:1-11
    29 | D:1      | Reached skill level 3 in Ranged Weapons
    37 | D:1      | Reached XP level 2. HP: 23/23 MP: 2/2
   261 | D:1      | Found Unaith's Vocational Training.
   570 | D:1      | 570 ||| READING 2 scrolls labelled KISAONL MUWOG.
   571 | D:1      | 571 ||| READING scroll labelled IJOESK MARCHYMN.
   575 | D:1      | 575 ||| READING scroll labelled LITIRO DOKHLU.
   576 | D:1      | 576 ||| READING scroll labelled XUMAUF KOSAEH.
   577 | D:1      | 577 ||| READING scroll labelled ESAPIU CULUEJU.
   578 | D:1      | 578 ||| DROPPING scroll of amnesia.
   579 | D:1      | 579 ||| DROPPING scroll of poison.
   617 | D:2      | Reached XP level 3. HP: 27/29 MP: 3/3
   743 | D:2      | Reached skill level 4 in Ranged Weapons
   983 | D:2      | Found a faded altar of an unknown god.
  1145 | D:2      | 1145 ||| READING scroll labelled KIUVVUEREMI.
  1205 | D:3      | Reached XP level 4. HP: 30/36 MP: 4/4
  1242 | D:3      | Found a radiant altar of Vehumet.
  1244 | D:3      | Found a broken altar of Ashenzari.
  1247 | D:3      | Found a sacrificial altar of Ru.
  1247 | D:3      | Found a glowing golden altar of the Shining One.
  1284 | D:3      | Reached skill level 5 in Ranged Weapons
  1513 | D:3      | Noticed a water moccasin
  1518 | D:3      | Killed a water moccasin
  1519 | D:3      | Reached XP level 5. HP: 47/47 MP: 5/5
  1591 | D:3      | Found an ancient bone altar of Kikubaaqudgha.
  2043 | D:3      | 2043 ||| UPGRADING to +0 leather armour.
  2053 | D:3      | 2053 ||| DROPPING +0 robe.
  2054 | D:3      | 2054 ||| UPGRADING to +0 ring mail.
  2064 | D:3      | 2064 ||| DROPPING +0 leather armour.
  2065 | D:3      | 2065 ||| READING 2 scrolls labelled ZIOGOWKEUPT.
  2066 | D:3      | 2066 ||| DRINKING 2 blue potions.
  2067 | D:3      | 2067 ||| DROPPING scroll of immolation.
  2105 | D:4      | Noticed Natasha
  2109 | D:4      | 2109 ||| STAIRDANCE
  2119 | D:3      | Killed Natasha
  2120 | D:3      | Reached skill level 1 in Armour
  2249 | D:4      | Reached XP level 6. HP: 47/53 MP: 6/6
  2357 | D:4      | 2357 ||| FLEEEEING.
  2408 | D:4      | HP: 9/53 [poisoned by a scorpion]
  2408 | D:4      | HP: 3/53 [scorpion (3)]
  2409 | D:4      | 2409 ||| READING 2 scrolls of teleportation.
  2409 | D:4      | Succumbed to a scorpion's poison

Levels and vault maps discovered:
D:1:      lightli_arrival_noodles, layout_rooms, nicolae_shop_vocational
D:2:      layout_basic, dreamdust_ecumenical_altar_drowned_temple,
          grunt_ministairs_4
D:3:      layout_loops_corners, mainiacjoe_overflow_small_starburst,
          chequers_temple_overflow_statue_of_worship
D:4:      layout_rooms, temple_pool_b, uniq_natasha

Skill      XL: |  1  2  3  4  5 |
---------------+----------------+-----
Ranged Weapons | 3 4 5 |  5.7
Fighting       | 2 4 |  4.5
Armour         | 1 |  1.3
Dodging        | |  2.1
Spellcasting   | |  1.0
Hexes          | |  2.0

Action                     |  1- 3 |  4- 6 || total
---------------------------+-------+-------++-------
   Fire: Sling             |   139 |   110 ||   249
    Use: Scroll            |     6 |     2 ||     8
         Potion            |       |     1 ||     1
 Armour: Robe              |     7 |       ||     7
         Ring mail         |       |    16 ||    16
  Dodge: Dodged            |    33 |    32 ||    65

Table legend:
 A = Non-vault XP
 B = Vault XP
 C = Vault XP percentage of total XP
 D = Non-vault monster count
 E = Vault monster count
 F = Vault count percentage of total count
                 A         B        C        D         E       F
            +---------+---------+-------+---------+---------+-------
      Total |     403 |      38 |   8.6 |      66 |       3 |   4.3
            +---------+---------+-------+---------+---------+-------
        D:1 |      38 |       0 |   0.0 |      20 |       0 |   0.0
        D:2 |      39 |       3 |   7.1 |      20 |       2 |   9.1
        D:3 |     252 |      35 |  12.2 |      16 |       1 |   5.9
        D:4 |      74 |       0 |   0.0 |      10 |       0 |   0.0
            +---------+---------+-------+---------+---------+-------
